Map: Cyber Forest LE

Players

Hurricane

  • Race: Protoss Protoss
  • Spawn Location: 5:00

soO - Winner!

  • Race: Zerg Zerg
  • Spawn Location: 11:00

Event: IEM Season 13: Katowice (2019)

VOD

Have the link to the VOD?

Description

Time

  • Played on: Feb. 26, 2019, 6:47 a.m.
  • Length: 10:12

All games in this series

Show
View Real Time Build Order
Export as new Build Order

Hurricane Protoss 

Build Orders: 1 Gate Expand, Oracle Opening, Archon Immortal 

Get SALT Encoding   

  12  0:00  Probe  
  13  0:12  Probe  
  14  0:19  Pylon  
  14  0:24  Probe  
  15  0:33  Probe  
  15  0:38  Gateway  
  15  0:41  Probe  
  16  0:48  Assimilator  
  17  0:51  Probe  
  18  1:03  Probe  
  19  1:15  Probe  
  20  1:26  Nexus  
  20  1:36  Cybernetics Core  
  20  1:40  Probe  
  20  1:46  Assimilator  
  21  1:52  Probe  
  22  1:56  Pylon  
  22  2:05  Adept  
  22  2:07  Probe  
  25  2:19  Probe  
  25  2:22  Stargate  
  26  2:29  Warp Gate  
  26  2:31  Probe  
  26  2:36  Probe  
  27  2:38  Stalker  
  27  2:39  Probe  
  31  2:44  Probe  
  31  2:47  Probe  
  33  2:53  Probe  
  33  2:56  Oracle  
  33  2:57  Probe  
  35  3:06  Probe  
  40  3:20  Gateway  
  39  3:28  Twilight Council  
  39  3:43  Robotics Facility  
  39  3:46  Charge  
  39  3:48  Gateway x2  
  39  3:50  Gateway  
  39  4:04  Gateway  
  39  4:05  Gateway  
  39  4:06  Gateway  
  39  4:14  Probe  
  40  4:18  Adept  
  40  4:20  Zealot  
  40  4:21  Warp Prism  
  44  4:24  Pylon  
  44  4:32  Pylon  
  46  4:40  Pylon  
  46  4:44  Pylon  
  45  4:53  Pylon  
  44  5:14  Pylon  
  44  5:15  Zealot x7  
  44  5:16  Zealot  
  56  5:40  Zealot x5  
  56  5:41  Zealot x2  
  68  5:45  Zealot  
  66  5:56  Immortal  
  48  6:07  Zealot x2  
  48  6:08  Zealot  
  48  6:09  Probe x2  
  56  6:18  Assimilator  
  56  6:21  Probe x2  
  56  6:22  Assimilator  
  58  6:28  Immortal  
  58  6:33  Probe  
  58  6:34  Probe  
  64  6:46  Probe x2  
  66  6:57  Sentry  
  66  6:58  Sentry  
  70  7:04  Probe x2  
  70  7:07  Zealot x3  
  70  7:08  Zealot  
  80  7:12  Shield Battery  
  78  7:26  Sentry  
  78  7:27  Sentry  
  86  7:37  Pylon  
  86  7:38  Pylon  
  86  7:41  Pylon  
  86  7:43  Immortal  
  86  7:54  Forge  
  86  7:55  Pylon  
  86  7:56  Templar Archives  
  86  8:08  Probe x2  
  88  8:16  Nexus  
  88  8:20  Stalker  
  88  8:21  Pylon  
  88  8:23  Immortal  
  94  8:33  High Templar x2  
  98  8:38  Archon  
  98  8:39  Zealot x2  
  102  8:53  Zealot  
  102  8:54  Zealot, High Templar x2  
  110  9:00  Archon  
  106  9:04  Zealot x2  
  82  9:17  Immortal  
  82  9:21  Sentry x2  
  82  9:22  Zealot x2  
  90  9:35  Pylon  
  90  9:37  Pylon  
  89  9:41  Sentry  
  91  9:50  Sentry  
  85  9:53  Zealot x4  
  85  9:58  Shield Battery  
  83  10:04  Zealot  
Show
View Real Time Build Order
Export as new Build Order

soO Zerg - Winner!

Build Orders: Hatch First 

Get SALT Encoding   

  12  0:00  Drone  
  13  0:11  Overlord  
  13  0:16  Drone  
  14  0:30  Drone  
  15  0:44  Hatchery  
  15  0:47  Drone  
  15  0:51  Drone  
  15  0:55  Drone  
  17  0:59  Drone  
  18  1:10  Extractor  
  17  1:15  Spawning Pool  
  16  1:19  Drone  
  16  1:22  Drone  
  18  1:32  Drone  
  19  1:41  Drone  
  20  1:50  Hatchery  
  20  1:53  Drone  
  20  1:57  Drone  
  21  2:05  Queen  
  24  2:08  Drone  
  24  2:10  Drone  
  25  2:17  Overlord  
  25  2:26  Queen  
  27  2:30  Metabolic Boost  
  27  2:35  Drone  
  29  2:37  Zergling x2  
  29  2:38  Zergling x2  
  29  2:41  Drone  
  31  2:44  Drone  
  31  2:50  Queen  
  34  2:55  Overlord  
  34  2:58  Drone  
  34  3:01  Drone  
  34  3:02  Drone  
  37  3:08  Queen  
  37  3:12  Drone x2  
  41  3:17  Overlord  
  41  3:20  Drone x2  
  41  3:26  Drone  
  44  3:29  Spore Crawler  
  44  3:30  Spore Crawler  
  44  3:33  Zergling x6  
  45  3:35  Drone  
  45  3:40  Queen  
  48  3:44  Drone x2  
  48  3:46  Drone  
  48  3:47  Drone  
  52  3:52  Drone  
  52  3:54  Spore Crawler  
  53  3:55  Drone x2  
  53  4:00  Drone x3  
  58  4:04  Lair  
  58  4:10  Extractor  
  58  4:11  Extractor  
  58  4:12  Drone, Roach Warren  
  58  4:15  Drone x2  
  58  4:19  Overlord  
  58  4:22  Overlord  
  58  4:24  Overlord  
  58  4:30  Drone  
  57  4:35  Overlord  
  57  4:39  Extractor, Drone  
  57  4:40  Zergling x6  
  60  4:49  Drone x3  
  62  4:54  Roach x4  
  70  5:01  Glial Reconstitution  
  70  5:05  Overseer  
  69  5:08  Queen x2  
  69  5:09  Overlord  
  72  5:24  Roach x5, Nydus Network  
  80  5:29  Roach x2  
  80  5:30  Roach  
  80  5:34  Roach x2  
  80  5:35  Roach  
  92  5:36  Roach  
  92  5:38  Roach  
  96  5:47  Roach  
  96  5:48  Roach  
  94  5:51  Roach x2  
  94  5:53  Roach  
  88  6:01  Roach x2  
  89  6:13  Roach x4  
  89  6:15  Overlord  
  97  6:25  Nydus Network  
  96  6:32  Overseer  
  96  6:33  Drone  
  96  6:34  Drone  
  96  6:35  Drone x3  
  101  6:43  Roach x2  
  101  6:45  Overlord  
  105  6:51  Overlord  
  105  6:57  Roach  
  106  7:06  Nydus Canal  
  106  7:08  Roach x4  
  114  7:11  Roach x2  
  114  7:12  Roach x2  
  122  7:15  Overlord  
  118  7:23  Drone x4  
  118  7:24  Overseer  
  114  7:36  Roach x7  
  126  7:44  Overlord  
  126  7:47  Drone x4  
  130  7:53  Overlord  
  130  7:54  Overlord  
  130  8:01  Overlord  
  130  8:04  Ravager x2  
  130  8:05  Ravager  
  133  8:06  Roach x2  
  133  8:09  Overlord  
  133  8:11  Overlord  
  139  8:13  Roach x3  
  139  8:18  Overseer  
  143  8:22  Roach x2  
  143  8:26  Roach x3  
  153  8:32  Roach x3  
  159  8:46  Roach x5  
  169  8:51  Overlord  
  169  8:52  Ravager  
  170  8:57  Overlord  
  170  9:01  Queen  
  170  9:04  Roach x2  
  170  9:07  Roach x2  
  170  9:08  Roach x2  
  166  9:13  Roach  
  166  9:14  Roach  
  168  9:22  Zergling x12  
  162  9:33  Zergling x14  
  162  9:36  Ravager  
  162  9:37  Ravager x4  
  174  9:49  Zergling x10  
  174  9:52  Roach x2  

Tags
 
Add a new tag
Caveats
  • Supply blocks, unpowered buildings, or Contaminate may cause inaccurate times.
  • Supply counts are checked every 10 seconds.